 Dungeon Sprint DCSS version 0.28.0-47-ge53b351184 (webtiles) character file.

Game seed: 13654228624281541492

1491 Zeld the Fighter (level 8, -6/83 HPs)
             Began as a Minotaur Fighter on Apr 25, 2022.
             Was a Believer of Trog.
             Mangled by a boulder beetle (25 damage)
             ... in the Dungeon (Sprint IX: "|||||||||||||||||||||||||||||").
             The game lasted 00:01:35 (1246 turns).

Zeld the Fighter (Minotaur Fighter)                 Turns: 1246, Time: 00:01:35

Health: -6/83      AC:  9    Str: 22    XL:     8   Next: 51%
Magic:  7/7        EV: 11    Int:  7    God:    Trog [**....]
Gold:   0          SH:  5    Dex:  9    Spells: 7/7 levels left

rFire   . . .      SeeInvis .   a - +1 broad axe of Might {flame, Int+2 Dex-2 Stlth+}
rCold   . . .      Faith    .   c - +0 buckler
rNeg    . . .      Spirit   .   b - +0 scale mail
rPois   .          Reflect  .   (helmet restricted)
rElec   .          Harm     .   (no cloak)
rCorr   .          Rampage  .   (no gloves)
Will    ++...      NoTele   +   l - +0 pair of boots
Stlth   ++........              (no amulet)
HPRegen 1.23/turn               (no ring)
MPRegen 0.10/turn               (no ring)

@: strong-willed (expiring), on berserk cooldown, regenerating (expiring),
slowed, very slow
A: horns 2, retaliatory headbutt
a: Renounce Religion, Berserk, Trog's Hand


You were in the Dungeon.
You worshipped Trog.
Trog was pleased with you.
You visited 1 branch

Inventory:

Hand Weapons
 a - the +1 broad axe of Might (weapon) {flame, Int+2 Dex-2 Stlth+}
   (You found it in the Dungeon)

   It burns those it strikes, dealing additional fire damage.
   Big, fiery blades are also staple armaments of hydra-hunters.
   Int:       It affects your intelligence (+2).
   Dex:       It affects your dexterity (-2).
   Stlth:     It makes you more stealthy.
Armour
 b - a +0 scale mail (worn)
 c - a +0 buckler (worn)
 l - a +0 pair of boots (worn)
Wands
 k - a wand of acid (10)
Scrolls
 j - a scroll of blinking
Potions
 d - a potion of might
 e - 5 potions of curing
 f - 3 potions of heal wounds
 g - a potion of haste
 h - 4 potions of magic
 i - a potion of invisibility


   Skills:
 * Level 12.0 Fighting
 * Level 11.8 Axes
 + Level 9.0 Armour
 + Level 7.3 Dodging
 + Level 5.9 Stealth
 + Level 8.8 Shields


You had 7 spell levels left.
You didn't know any spells.
Your spell library was empty.

Dungeon Overview and Level Annotations

Branches:
Dungeon (1/1)

Altars:
Cheibriados
Dithmenos
Elyvilon
Fedhas
Gozag
Hepliaklqana
Kikubaaqudgha
Makhleb
Nemelex Xobeh
Okawaru
Qazlal
Ru
Sif Muna
Trog
Uskayaw
Vehumet
Wu Jian
Xom
Yredelemnul
Zin
The Shining One
Beogh
Jiyva
Lugonu


Innate Abilities, Weirdness & Mutations

You have a pair of horns on your head.
You reflexively headbutt those who attack you in melee.


Message History

You barely miss something. Something hits you. x2
You closely miss something. Something hits you!
The boulder beetle waves its antennae.
The boulder beetle leaps!
Something hits you but does no damage. Something hits you.
The boulder beetle curls into a ball and begins rolling!
There is an open door, spattered with blood here.
You closely miss something. Something hits you.
You miss something. You headbutt something! Trog accepts your kill.
Reactivating autopickup.
You feel a bit more experienced.
Your Fighting skill increases to level 11!
Your Axes skill increases to level 11!
You have reached level 8!
You feel agile.
You hit the cyclops. You burn the cyclops. You headbutt the cyclops!
The cyclops is moderately wounded.
You slice the cyclops!! You burn the cyclops!
The cyclops is almost dead.
You barely miss the cyclops. You headbutt the cyclops.
You kill the cyclops!
Trog accepts your kill.
You hit the boulder beetle but do no damage.
The boulder beetle hits you!!
The boulder beetle stops rolling and uncurls.
Your Fighting skill increases to level 12!
Your Armour skill increases to level 9!
Your Dodging skill increases to level 7!
You are no longer berserk.
You are exhausted.
You feel yourself slow down. The cyclops hits you!!
* * * LOW HITPOINT WARNING * * *
Things that are here:
4 large rocks; a cyclops corpse You hit the cyclops but do no damage.
You hit the boulder beetle but do no damage.
You feel the effects of Trog's Hand fading.
The boulder beetle bites you!!
You die...

▓'▓
▓.▓
▓.▓
▓.▓
▓.▓
▓.▓
▓[▓
▓B▓
▓@▓
▓C▓
▓D▓
▓.▓
▓.▓
▓.▓
▓+▓


You could see a boulder beetle, a cyclops and an acid dragon.

Vanquished Creatures
  A cyclops (D)
  An unseen horror (D)
  A troll (D)
  A shadow (D)
  A yak (D)
  A vampire mosquito (D)
  An orc warrior (D)
  A howler monkey (D)
  A hound (D)
  An iguana (D)
  An adder (D)
  An adder zombie (D)
  An adder skeleton (D)
  A dart slug (D)
  An endoplasm (D)
  A goblin (D)
  A jackal (D)
  2 rats (D)
19 creatures vanquished.

Notes
Turn   | Place    | Note
-------+----------+-------------------------------------------
     0 | D        | Zeld the Minotaur Fighter began the quest for the Orb.
     0 | D        | Reached XP level 1. HP: 19/19 MP: 0/0
    11 | D        | Reached skill level 4 in Fighting
    19 | D        | Reached skill level 1 in Dodging
   130 | D        | Noticed an iguana
   130 | D        | Noticed a hound
   134 | D        | Killed an iguana
   135 | D        | Reached skill level 5 in Fighting
   135 | D        | Reached skill level 1 in Stealth
   135 | D        | Reached XP level 2. HP: 29/29 MP: 1/1
   135 | D        | Reached XP level 3. HP: 36/36 MP: 2/2
   142 | D        | Reached skill level 6 in Fighting
   142 | D        | Reached skill level 5 in Axes
   142 | D        | Reached XP level 4. HP: 44/44 MP: 3/3
   264 | D        | Found a snail-covered altar of Cheibriados.
   264 | D        | Found a shadowy altar of Dithmenos.
   264 | D        | Found a white marble altar of Elyvilon.
   264 | D        | Found a blossoming altar of Fedhas.
   264 | D        | Found an opulent altar of Gozag.
   265 | D        | Found a hazy altar of Hepliaklqana.
   266 | D        | Found a viscous altar of Jiyva.
   267 | D        | Found an ancient bone altar of Kikubaaqudgha.
   268 | D        | Found a corrupted altar of Lugonu.
   269 | D        | Found a burning altar of Makhleb.
   270 | D        | Found a sparkling altar of Nemelex Xobeh.
   271 | D        | Found an iron altar of Okawaru.
   272 | D        | Found a stormy altar of Qazlal.
   273 | D        | Found a sacrificial altar of Ru.
   274 | D        | Found a shimmering blue altar of Sif Muna.
   275 | D        | Found a bloodstained altar of Trog.
   276 | D        | Found a hide-covered altar of Uskayaw.
   277 | D        | Found a radiant altar of Vehumet.
   278 | D        | Found an ornate altar of the Wu Jian Council.
   279 | D        | Found a shimmering altar of Xom.
   280 | D        | Found a basalt altar of Yredelemnul.
   281 | D        | Found a glowing silver altar of Zin.
   282 | D        | Found a glowing golden altar of the Shining One.
   283 | D        | Became a worshipper of Trog the Wrathful
   299 | D        | Got the +1 broad axe of Might {flame, Int+2 Dex-2 Stlth+}
   318 | D        | Noticed a vampire mosquito
   318 | D        | Noticed a yak
   318 | D        | Noticed a shadow
   318 | D        | Noticed an orc warrior
   323 | D        | Killed a vampire mosquito
   324 | D        | Reached skill level 7 in Fighting
   324 | D        | Reached XP level 5. HP: 28/53 MP: 4/4
   333 | D        | Reached skill level 8 in Fighting
   741 | D        | Killed a yak
   741 | D        | Reached * piety under Trog
   742 | D        | Reached skill level 9 in Fighting
   742 | D        | Reached skill level 5 in Dodging
   742 | D        | Reached XP level 6. HP: 33/63 MP: 5/5
   746 | D        | Killed a shadow
   747 | D        | Reached XP level 7. HP: 42/71 MP: 6/6
   750 | D        | Reached skill level 10 in Fighting
   750 | D        | Reached ** piety under Trog
   953 | D        | Noticed a troll
   953 | D        | Noticed a boulder beetle
   953 | D        | Noticed a cyclops
   953 | D        | Noticed a cyclops
   957 | D        | Killed a troll
   958 | D        | Reached skill level 10 in Axes
   958 | D        | Reached skill level 5 in Stealth
  1241 | D        | Killed an unseen horror
  1242 | D        | Reached skill level 11 in Fighting
  1242 | D        | Reached XP level 8. HP: 82/82 MP: 7/7
  1244 | D        | Killed a cyclops
  1245 | D        | Reached skill level 12 in Fighting
  1246 | D        | Mangled by a boulder beetle

Illustrated notes

Levels and vault maps discovered:
D:        linesprint [early_d, line_temple, items_1, d_10, items_2, lair_1,
          lair_end, items_3, orc_1, orc_end, items_4, d_15, swamp_1, shoals_1,
          snake_1, spider_1, d_20, vaults_1, items_5, swamp_end, shoals_end,
          snake_end, spider_end, vaults_end, d_27, items_6, zot_1, zot_end,
          crypt_end, forest_end, elf_end, slime_end, tomb_end, abyss_end,
          pan_hell_end]

Skill      XL: |  1  2  3  4  5  6  7  8 |
---------------+-------------------------+-----
Fighting       | 5 6 7 9 11 12 | 12.0
Axes           | 4 5 7 8 9 11 | 11.8
Armour         | 4 6 7 8 9 |  9.0
Dodging        | 2 4 5 6 7 |  7.3
Shields        | 4 6 7 8 |  8.8
Stealth        | 1 2 3 4 5 |  5.9

Action                   |  1- 3 |  4- 6 |  7- 9 || total
-------------------------+-------+-------+-------++-------
Melee: War axe           |    23 |     1 |       ||    24
       Headbutt          |     3 |     3 |     5 ||    11
       Broad axe         |       |    27 |    18 ||    45
Invok: Berserk           |       |     1 |     1 ||     2
       Trog's Hand       |       |       |     1 ||     1
  Use: Potion            |     1 |       |       ||     1
       Scroll            |       |     1 |       ||     1
Armor: Scale mail        |     8 |     9 |     6 ||    23
Dodge: Dodged            |    11 |    10 |     5 ||    26
Block: Buckler           |     4 |     5 |     3 ||    12
